 Dungeon Crawl Stone Soup version 0.30-a0-920-g7493c07aab (webtiles) character file.

Game seed: 11021417341859389051

1194 jasper the Magician (level 8, 0/68 HPs)
             Began as a Pale Draconian Cinder Acolyte on Mar 21, 2023.
             Was a High Priest of Ignis.
             Slain by a gnoll
             ... wielding a +0 halberd
              (8 damage)
             ... on level 6 of the Dungeon.
             The game lasted 00:09:50 (7354 turns).

jasper the Magician (Pale Draconian Cinder Acolyte) Turns: 7354, Time: 00:09:50

Health: 0/68       AC:  6    Str: 17    XL:     8   Next: 20%
Magic:  11/15      EV:  6    Int: 17    God:    Ignis [*****.]
Gold:   197        SH:  0    Dex:  6    Spells: 13/17 levels left

rFire   + . .      SeeInvis .    a - -1 spear (flame)
rCold   . . .      Faith    .    (no shield)
rNeg    . . .      Spirit   .    (body armour unavailable)
rPois   .          Reflect  .    (helmet restricted)
rElec   .          Rampage  .    (no cloak)
rCorr   .                        (no gloves)
Will    .....                    (no boots)
Stlth   +                        (no amulet)
HPRegen 0.31/turn                (no ring)
MPRegen 0.14/turn                (no ring)

@: lethally poisoned (0 -> -12), held
A: breathe steam, AC +6, unfitting armour, cold-blooded, steam resistance
a: Breathe Steam, Renounce Religion, Fiery Armour, Foxfire Swarm


You were on level 6 of the Dungeon.
You worshipped Ignis.
Ignis was extremely pleased with you.
You visited 1 branch of the dungeon, and saw 6 of its levels.

You collected 296 gold pieces.
You spent 99 gold pieces at shops.

Inventory:

Hand Weapons
 a - a -1 spear of flaming (weapon)
 f - a +0 dagger of protection
 w - a +0 trident
Missiles
 b - 3 silver javelins
 d - 17 poisoned darts
 l - 3 boomerangs
 p - 4 throwing nets
 q - a javelin
Jewellery
 c - a +6 ring of intelligence
Wands
 t - a wand of polymorph (3)
Scrolls
 i - 2 scrolls of vulnerability
 m - a scroll of immolation
 o - 3 scrolls of teleportation
 r - a scroll of magic mapping {unknown}
 s - a scroll of acquirement {unknown}
 u - a scroll of identify
Potions
 e - 3 potions of curing
 g - 3 potions of heal wounds
 h - 4 potions of cancellation
 j - 2 potions of haste {unknown}
 k - 2 potions of mutation {unknown}
 n - a potion of degeneration {unknown}
 v - a potion of might {unknown}


   Skills:
 - Level 5.2 Fighting
 - Level 3.0 Polearms
 - Level 3.1 Dodging
 - Level 5.3 Spellcasting
 - Level 2.0 Translocations
 - Level 4.3 Fire Magic
 + Level 4.9 Evocations


You had 13 spell levels left.
You knew the following spells:

 Your Spells              Type           Power      Damage    Failure   Level
a - Scorch                Fire           38%        2d7       3%          2
b - Blink                 Tloc           22%        N/A       10%         2

Your spell library contained the following spells:

 Spells                   Type           Power      Damage    Failure   Level
 Lesser Beckoning         Tloc           22%        N/A       10%         2
 Momentum Strike          Conj/Tloc      14%        3d8       14%         2


Dungeon Overview and Level Annotations

Branches:
Dungeon (6/15)             Temple (0/1) D:4

Altars:
Ashenzari
Qazlal

Shops:
D:4 (   D:5 =(

Annotations:
D:5 2 transporters, Eustachio


Innate Abilities, Weirdness & Mutations

You can breathe blasts of scalding, opaque steam.
Your pale cyan-grey scales are hard. (AC +6)
You cannot fit into any form of body armour.
You are cold-blooded and may be slowed by cold attacks.
You are immune to the effects of steam.


Message History

Press: ? - help, Q - select action, (/) - cycle Dir - look around, f - activate Flames lash the gnoll.
The gnoll is almost dead.
The gnoll's fire resistance burns away.
You feel sick. The gnoll barely misses you.
You take 1 damage, and have 28/68 hp.
You now have 13/15 mp.
Casting: Scorch (safe; 3% risk of failure)
Press: ? - help, Q - select action, (/) - cycle Dir - look around, f - activate Flames lash the gnoll.
The gnoll is severely wounded.
The gnoll's fire resistance burns away.
You feel sick.
The gnoll throws a throwing net.
The throwing net hits you.
You become entangled in the net!
The gnoll hits you but does no damage.
You are more poisoned.
You take 1 damage, and have 27/68 hp.
You now have 11/15 mp.
You struggle against the net.
You feel sick.
The gnoll hits you from afar with a +0 halberd.
The gnoll completely misses you. The scorpion stings you.
You take 3 damage, and have 24/68 hp.
You struggle against the net.
You feel sick. The gnoll closely misses you. The gnoll barely misses you.
The scorpion stings you.
* * * LOW HITPOINT WARNING * * *
You take 4 damage, and have 20/68 hp.
You struggle against the net.
You feel sick.
The gnoll is no longer more vulnerable to fire.
The gnoll hits you from afar with a +0 halberd.
* * * LOW HITPOINT WARNING * * *
The gnoll hits you from afar with a +1 spear of venom.
* * * LOW HITPOINT WARNING * * *
You are lethally poisoned!
The scorpion barely misses you.
You take 10 damage, and have 10/68 hp.
Activating: Foxfire Swarm
Press: ? - help, Dir - look around, f - activate Flames leap up around you!
* * * LOW HITPOINT WARNING * * *
You feel very sick. The gnoll hits you but does no damage.
The gnoll hits you from afar with a +0 halberd!
You die...

###+ ### #.# #?... #.##
#.# #..$..#..## #.#
+.).?.'...###.#
#..?..#....##.# #....
#..gvv#.# ###+ ##.gvg#v#
##vs@vv### ##vv#v..#
##v#.#.# ###.#.# ##.#.#
####+#######+####..#.###
.......................#
....#...#######.######.#
..................#


You could see a scorpion (ally target) and 3 gnolls.

Vanquished Creatures
  A troll (D:5)
  A black bear (D:5)
  An ogre (D:5)
  A gnoll sergeant (D:6)
  A scorpion (D:6)
  2 hounds (D:5)
  2 orc priests
  3 jellies
  3 iguanas
  4 orc wizards
  11 gnolls
  9 adders
  An ufetubus (D:5)
  2 worms
  2 dart slugs
  9 orcs
  5 endoplasms
  3 giant cockroaches
  9 goblins
  9 hobgoblins
  9 jackals
  3 quokkas
  3 training dummies (D:4)
  10 ball pythons
  4 bats
  A frilled lizard (D:1)
  9 kobolds
  4 rats
122 creatures vanquished.

Vanquished Creatures (others)
  11 foxfires (D:6)
11 creatures vanquished.

Grand Total: 133 creatures vanquished

Notes
Turn   | Place    | Note
-------+----------+-------------------------------------------
     0 | D:1      | jasper the Draconian Cinder Acolyte began the quest for the
                  | Orb.
     0 | D:1      | Reached XP level 1. HP: 19/19 MP: 2/2
   340 | D:1      | Reached XP level 2. HP: 26/26 MP: 2/4
   348 | D:1      | Learned a level 2 spell: Scorch
  1366 | D:2      | Reached XP level 3. HP: 31/31 MP: 2/5
  2337 | D:3      | Reached XP level 4. HP: 38/38 MP: 0/7
  3032 | D:3      | Reached skill level 1 in Dodging
  3516 | D:3      | Reached XP level 5. HP: 46/46 MP: 5/9
  4326 | D:4      | Found Hosama's Firing Range.
  4331 | D:4      | Bought 2 throwing nets for 66 gold pieces
  4331 | D:4      | Bought a throwing net for 33 gold pieces
  4515 | D:4      | Found a stormy altar of Qazlal.
  5251 | D:4      | Learned a level 2 spell: Blink
  5530 | D:4      | Found a staircase to the Ecumenical Temple.
  5668 | D:5      | Entered Level 5 of the Dungeon
  5668 | D:5      | Noticed a black bear
  5671 | D:5      | Killed a black bear
  5672 | D:5      | Reached skill level 1 in Translocations
  5672 | D:5      | Reached XP level 6. HP: 53/53 MP: 4/12
  5711 | D:5      | Noticed Blork the orc
  5779 | D:5      | Blork the orc changed into Blork the adder
  5779 | D:5      | Noticed Blork
  5781 | D:5      | Killed Blork the adder
  5888 | D:5      | Found a transporter.
  5904 | D:5      | Noticed Eustachio
  6129 | D:5      | Found Darph's Jewellery Boutique.
  6274 | D:5      | Found Kapnuuv's Weapon Shoppe.
  6332 | D:5      | Found a transporter.
  6371 | D:5      | Your scales start taking on a pale cyan-grey colour.
  6371 | D:5      | Reached XP level 7. HP: 60/60 MP: 8/13
  6371 | D:5      | Gained mutation: You are immune to the effects of steam.
                  | [Pale Draconian growth]
  6433 | D:5      | Noticed a troll
  6443 | D:5      | Killed a troll
  6444 | D:5      | Reached skill level 5 in Fighting
  6444 | D:5      | Reached skill level 5 in Spellcasting
  6607 | D:5      | Found a broken altar of Ashenzari.
  6646 | D:5      | Reached skill level 1 in Evocations
  6918 | D:6      | Reached XP level 8. HP: 68/68 MP: 1/15
  7354 | D:6      | Slain by a gnoll

Illustrated notes

Levels and vault maps discovered:
D:1:      lemuel_arrival_cross, layout_loops_corners,
          chequers_serial_rivers_micro_b
D:2:      layout_loops_cross
D:3:      layout_basic, kennysheep_generic_room_5
D:4:      layout_layer_cave, mainiacjoe_overflow_paths,
          minmay_temple_entry_proselytizer, nicolae_shop_firing_range
D:5:      layout_loops_corners, overflow_temple_1_default, serial_shops, shop,
          shop, nicolae_diamond_shop, shop, gammafunk_ghost_arena,
          uniq_blork_the_orc, uniq_eustachio
D:6:      layout_basic, yredelemnul_forgotten_temple_becter,
          minmay_misc_feat_roman, minmay_quadrilaterals

Skill      XL: |  1  2  3  4  5  6  7  8 |
---------------+-------------------------+-----
Spellcasting   | 2 3 4 5 |  5.3
Fire Magic     | 4 |  4.3
Dodging        | 1 2 3 |  3.1
Fighting       | 4 5 |  5.2
Translocations | 1 2 |  2.0
Evocations     | 3 4 |  4.9
Polearms       | |  3.0

Action                     |  1- 3 |  4- 6 |  7- 9 || total
---------------------------+-------+-------+-------++-------
  Melee: Spear             |    53 |    38 |    13 ||   104
         Tailslap          |     3 |     4 |       ||     7
  Throw: Dart              |     1 |       |       ||     1
   Cast: Scorch            |    33 |    89 |    41 ||   163
 Invoke: Rising Flame      |       |     1 |       ||     1
         Foxfire Swarm     |       |       |     2 ||     2
  Evoke: Wand              |       |     3 |     6 ||     9
    Use: Scroll            |     8 |       |       ||     8
         Potion            |       |     1 |       ||     1
   Stab: Sleeping          |     1 |       |       ||     1
 Armour: Skin              |    14 |    22 |    18 ||    54
  Dodge: Dodged            |    24 |    34 |    34 ||    92

Table legend: (Time is in decaauts)
 A = Elapsed time spent in this place.
 B = Non-inter-level travel time spent in this place.
 C = Inter-level travel time spent in this place.
 D = Time resting spent in this place.
 E = Time spent auto-exploring this place.
 F = Levels seen in this place.
 G = Mean time per level.
                   A        B        C        D        E       F      G
               +--------+--------+--------+--------+--------+-----+--------+
         Total |   7356 |   6707 |    649 |    781 |   4779 |   6 | 1226.0 |
       Dungeon |   7356 |   6707 |    649 |    781 |   4779 |   6 | 1226.0 |
               +--------+--------+--------+--------+--------+-----+--------+

Top non-repeatable levels by time:
     D:4: 1825 daAuts
     D:1: 1487 daAuts
     D:3: 1443 daAuts
     D:2: 1159 daAuts
     D:5: 782 daAuts
     D:6: 658 daAuts
